 Dungeon Crawl Stone Soup version 0.29-a0-997-gf6f7e2dfe7 (webtiles) character file.

Game seed: 1670668153103947184

63 siradein the Shooter (level 4, -1/36 HPs)
             Began as a Ghoul Hunter on Aug 4, 2022.
             Shot with a sling bullet by a goblin (3 damage)
             ... led by Robin
             ... on level 2 of the Dungeon.
             The game lasted 00:03:09 (1093 turns).

siradein the Shooter (Ghoul Hunter)                 Turns: 1093, Time: 00:03:10

Health: -1/36      AC:  6    Str: 14    XL:     4   Next: 9%
Magic:  3/3        EV: 11    Int:  4    God:
Gold:   78         SH:  0    Dex: 14    Spells: 3/3 levels left

rFire   . . .      SeeInvis .   a - +0 shortbow
rCold   + . .      Faith    .   (shield currently unavailable)
rNeg    + + +      Spirit   .   o - +0 ring mail
rPois   ∞          Reflect  .   (no helmet)
rElec   .          Harm     .   (no cloak)
rCorr   .          Rampage  .   (no gloves)
Will    .....                   h - +0 pair of boots
Stlth   +.........              (no amulet)
HPRegen 0.00/turn               (no ring)
MPRegen 0.08/turn               (no ring)

@: inhibited regen
A: claws 1, cold resistance 1, negative energy resistance 3, inhibited
regeneration, torment resistance 2, devour on kill
a: no special abilities


You were on level 2 of the Dungeon.
You visited 1 branch of the dungeon, and saw 2 of its levels.

You collected 78 gold pieces.

Inventory:

Hand Weapons
 a - a +0 shortbow (weapon)
 p - a +2 dagger of venom
Armour
 h - a +0 pair of boots (worn)
 o - a +0 ring mail (worn)
Scrolls
 b - 2 scrolls of immolation
 c - 3 scrolls of enchant armour {unknown}
 e - a scroll of silence {unknown}
 f - a scroll of butterflies {unknown}
 g - 2 scrolls of identify {unknown}
 l - 2 scrolls of blinking {unknown}
 m - a scroll of enchant weapon {unknown}
 n - a scroll of torment {unknown}
 t - a scroll of acquirement {unknown}
Potions
 d - 2 potions of resistance {unknown}
 i - 2 potions of degeneration {unknown}
 j - a potion of heal wounds {unknown}
 k - a potion of curing {unknown}
 q - a potion of lignification {unknown}
 r - a potion of brilliance {unknown}
 s - 2 potions of haste {unknown}


   Skills:
 - Level 2.1 Fighting
 + Level 5.0 Ranged Weapons
 - Level 1.7 Dodging
 - Level 1.1 Stealth


You had 3 spell levels left.
You didn't know any spells.
Your spell library contained the following spells:

 Spells                   Type           Power      Damage    Failure   Level
 Summon Hydra             Summ           0%         N/A       100%        7
 Sublimation of Blood     Necr           Unusable   N/A       N/A         2
 Wereblood                Tmut           Unusable   N/A       N/A         2

Dungeon Overview and Level Annotations

Branches:
Dungeon (2/15)

Altars:

Annotations:
D:2 Robin


Innate Abilities, Weirdness & Mutations

You are immune to poison.
You have sharp fingernails.
Your flesh is cold resistant. (rC+)
You are immune to negative energy. (rN+++)
You do not regenerate when monsters are visible.
You are immune to unholy pain and torment.
You thrive by killing the living.


Message History

The goblin hits you with a +0 club. The goblin completely misses you.
A goblin comes into view. It is wielding a +0 club.
You shoot an arrow. The arrow hits the goblin.
You kill the goblin!
A kobold comes into view. It is wielding a +0 dagger.
You shoot an arrow. The arrow barely misses Robin.
Robin hits you with a +2 mace of holy wrath.
You convulse.
You shoot an arrow.
The arrow hits Robin but does no damage.
Robin hits you with a +2 mace of holy wrath.
You convulse.
Robin hits you with a +2 mace of holy wrath.
You convulse.
* * * LOW HITPOINT WARNING * * *
The goblin attacks as you move away! The goblin hits you with a +0 dagger.
* * * LOW HITPOINT WARNING * * *
Robin attacks as you move away! Robin misses you.
Robin roars a battlecry!
The goblins go into a battle-frenzy!
The kobold closely misses you.
Things that are here:
a +0 club; a goblin corpse The goblin attacks as you move away!
The goblin hits you with a +0 dagger.
* * * LOW HITPOINT WARNING * * *
The kobold hits you but does no damage. The goblin attacks as you move away!
The goblin hits you but does no damage. Robin throws the goblin at you!
The kobold hits you but does no damage. The goblin hits you but does no damage.
The goblin closely misses you. The goblin attacks as you move away!
The goblin hits you with a +0 club.
* * * LOW HITPOINT WARNING * * *
The kobold attacks as you move away! The kobold closely misses you.
The goblin unwields a +0 club.
The goblin wields a +0 sling.
The goblin shoots a sling bullet.
The sling bullet hits you.
* * * LOW HITPOINT WARNING * * *
The goblin attacks as you move away! The goblin hits you but does no damage.
The kobold throws a stone.
The stone barely misses you.
The goblin shoots a sling bullet.
The sling bullet hits you.
You die...

........# #.).# #.# #######.####
#...# ####.# #.......# #)..#
###..... ####.##.##.# #...#
#....... ...#.##.##.#
#...#####.#.##.#
...#.##..#.#######Kg.##.##.#.....
...#.###.#.#......g....#...#.##.#
.......#.#......g.....###........
...#............@......#...#.##.#
...###.#.......#)#...#>.####.##.#
...###.#.##.##.#)#...#.## #.##.#
.........##.##.#.#...#.# #.....
.........)..##.#.#...#.# ####.#
####..##.#####.#.......# #####.#
..##..##<#.......#...### #...#.#
#..............#.##.## ###...#.#
.....#.......###.#)..####.....[.#


You could see Robin, 2 goblins and a kobold.

Vanquished Creatures
  A gnoll (D:1)
  A worm (D:2)
  A dart slug (D:2)
  An endoplasm (D:1)
  A giant cockroach (D:1)
  12 goblins
  3 hobgoblins
  5 kobolds
  A quokka (D:1)
  8 ball pythons
  4 bats
  2 frilled lizards (D:1)
  4 rats (D:1)
44 creatures vanquished.

Notes
Turn   | Place    | Note
-------+----------+-------------------------------------------
     0 | D:1      | siradein the Ghoul Hunter began the quest for the Orb.
     0 | D:1      | Reached XP level 1. HP: 17/17 MP: 0/0
     2 | D:1      | Noticed a golden eye
     3 | D:1      | Found a faded altar of an unknown god.
    94 | D:1      | Noticed an eye of devastation
    98 | D:1      | Reached skill level 4 in Ranged Weapons
    98 | D:1      | Reached XP level 2. HP: 24/24 MP: 1/1
    99 | D:1      | Noticed an eye of devastation
    99 | D:1      | Noticed a great orb of eyes
   244 | D:1      | Reached XP level 3. HP: 25/29 MP: 2/2
  1030 | D:2      | Reached skill level 5 in Ranged Weapons
  1074 | D:2      | Reached XP level 4. HP: 36/36 MP: 3/3
  1080 | D:2      | Noticed Robin
  1093 | D:2      | Shot with a sling bullet by a goblin

Illustrated notes

Levels and vault maps discovered:
D:1:      lightli_arrival_maybe_door_vault, layout_rooms,
          hellmonk_ecumenical_altar_watching_god, minmay_domino_4
D:2:      layout_loops_cross, uniq_robin, uniq_jessica

Skill      XL: |  1  2  3 |
---------------+----------+-----
Ranged Weapons | 4 5 |  5.0
Fighting       | |  2.1
Dodging        | |  1.7
Stealth        | |  1.1

Action                   |  1- 3 |  4- 6 || total
-------------------------+-------+-------++-------
 Fire: Shortbow          |   121 |    13 ||   134
Armor: Leather armour    |     7 |       ||     7
       Ring mail         |    12 |    11 ||    23
Dodge: Dodged            |    30 |     8 ||    38

Table legend: (Time is in decaauts)
 A = Elapsed time spent in this place.
 B = Non-inter-level travel time spent in this place.
 C = Inter-level travel time spent in this place.
 D = Time resting spent in this place.
 E = Time spent auto-exploring this place.
 F = Levels seen in this place.
 G = Mean time per level.
                   A        B        C        D        E       F      G
               +--------+--------+--------+--------+--------+-----+--------+
         Total |   1140 |   1118 |     22 |      0 |    825 |   2 |  570.0 |
       Dungeon |   1140 |   1118 |     22 |      0 |    825 |   2 |  570.0 |
               +--------+--------+--------+--------+--------+-----+--------+

Top non-repeatable levels by time:
     D:1: 584 daAuts
     D:2: 556 daAuts
